 Dungeon Crawl Stone Soup version 0.25-a0-246-g58704a1 (webtiles) character file.

Game seed: 16282625080348703609, levelgen mode: deterministic

1199 silenth the Ruffian (level 8, 0/57 HPs)
             Began as an Octopode Fighter on Dec 3, 2019.
             Was an Initiate of Cheibriados.
             Slain by Grinder (8 damage)
             ... on level 6 of the Dungeon.
             The game lasted 00:09:29 (5903 turns).

silenth the Ruffian (Octopode Fighter)              Turns: 5903, Time: 00:09:30

Health: 0/57       AC:  2    Str: 18    XL:     8   Next: 44%
Magic:  2/8        EV: 12    Int: 12    God:    Cheibriados [......]
Gold:   286        SH:  9    Dex: 14    Spells: 7/7 levels left

rFire    . . .     SeeInvis .     - Unarmed
rCold    . . .     Gourm    .   a - +0 shield
rNeg     . . .     Faith    .   n - +1 hat
rPois    .         Spirit   .   b - amulet of regeneration
rElec    .         Reflect  .   c - +2 ring of strength
rCorr    .         Harm     .   (no ring)
MR       .....                  (no ring)
Stlth    ++++......             (no ring)
HPRegen  0.59/turn              (no ring)
MPRegen  0.11/turn              (no ring)
                                (no ring)
                                (no ring)

@: very slow
A: almost no armour, stealthy swim, amphibious, 8 rings, constrict 8, camouflage
1, gelatinous body 1
a: Bend Time, Renounce Religion


You were on level 6 of the Dungeon.
You worshipped Cheibriados.
Cheibriados was noncommittal.
You were not hungry.

You visited 2 branches of the dungeon, and saw 7 of its levels.

You collected 286 gold pieces.

Inventory:

Missiles
 f - 19 poisoned darts (quivered)
Armour
 a - a +0 shield (worn)
 n - a +1 hat (worn)
Jewellery
 b - an amulet of regeneration (around mantle)
 c - a +2 ring of strength (left tentacle)
Wands
 h - a wand of polymorph (4)
Scrolls
 d - 2 scrolls of amnesia
 r - 3 scrolls of remove curse
Potions
 g - a potion of haste {unknown}
 i - a potion of lignification {unknown}
 j - a potion of flight
 k - 2 potions of degeneration
 l - 2 potions of curing {unknown}
Comestibles
 e - 6 rations


   Skills:
 + Level 5.9 Fighting
 - Level 1.1 Throwing
 + Level 3.0 Dodging
 - Level 5.0 Stealth
 + Level 3.0 Shields
 * Level 7.6 Unarmed Combat
 + Level 0.0 Invocations
 + Level 0.0 Evocations


You had 7 spell levels left.
You didn't know any spells.
Your spell library was empty.

Dungeon Overview and Level Annotations

Branches:
Dungeon (6/15)             Temple (1/1) D:6

Altars:
Ashenzari
Cheibriados
Dithmenos
Elyvilon
Fedhas
Gozag
Hepliaklqana
Kikubaaqudgha
Makhleb
Nemelex Xobeh
Okawaru
Qazlal
Ru
Sif Muna
Vehumet
Wu Jian
Xom
Yredelemnul
Zin
The Shining One

Annotations:
D:6 Grinder


Innate Abilities, Weirdness & Mutations

You cannot wear most types of armour.
You are very stealthy in the water. (Stealth+)
You are amphibious.
You can wear up to eight rings at the same time.
You can use your tentacles to constrict eight enemies at once.
Your skin changes colour to match your surroundings (Stealth+).
Your rubbery body absorbs attacks. (AC +1, EV +1)


Message History

Grinder gestures at you.
You suddenly lose the ability to move!
Grinder hits you!
You writhe in agony.
Grinder hits you. Grinder hits you.
You writhe in agony.
Grinder hits you!
You writhe in agony.
Grinder gestures at you. You resist with some effort.
You can move again.
The flow of time bends around you.
Grinder resists with some effort.
You are starving!
Grinder barely misses you.
You're too hungry.
You eat one of the 7 rations.
That ration really hit the spot!
Grinder gestures at you. Pain shoots through your body!
* * * LOW HITPOINT WARNING * * *
The flow of time bends around you.
Grinder resists with some effort.
You feel slightly more hungry. Grinder hits you!
You die...

#.#.####.▒..#
##...........####
..........▒.▒...<#
#####............#####..
##....▒.⌠.▒..........
#...▒.......▒........
#.▒...⌠.>.⌠...▒.###..
#...▒.......▒...#
###.@5▒.⌠.▒......#
#.#..........#..
#!#..▒.▒.#####.##
#.##.....# ..
#.###.▒.... #.# .....)
... )..... ... %... .#.


You could see Grinder.

Vanquished Creatures
  2 phantoms
  An ogre (D:4)
  A gnoll sergeant (D:4)
  2 scorpions
  2 crimson imps (D:5)
  4 orc wizards
  6 orc priests
  A bullfrog skeleton (D:4)
  A gnoll shaman (D:3)
  2 iguanas
  A worker ant (D:5)
  A worker ant zombie (D:6)
  Robin (D:4)
  8 gnolls (D:4)
  7 adders
  2 oozes
  A worm (D:2)
  4 dart slugs
  4 leopard geckos
  14 orcs
  3 giant cockroaches
  16 goblins
  12 hobgoblins
  A quokka (D:4)
  3 bats
  9 frilled lizards
  2 jackal skeletons
  9 kobolds
  A leopard gecko zombie (D:6)
  2 quokka zombies (D:5)
  4 rats
127 creatures vanquished.

Vanquished Creatures (others)
  An orc (D:4)
  2 goblins (D:4)
3 creatures vanquished.

Grand Total: 130 creatures vanquished

Notes
Turn   | Place    | Note
-------+----------+-------------------------------------------
     0 | D:1      | silenth the Octopode Fighter began the quest for the Orb.
     0 | D:1      | Reached XP level 1. HP: 16/16 MP: 1/1
   121 | D:1      | Reached XP level 2. HP: 21/21 MP: 2/2
   460 | D:1      | Reached skill level 3 in Unarmed Combat
   482 | D:1      | Reached XP level 3. HP: 12/26 MP: 3/3
  1028 | D:2      | Reached XP level 4. HP: 27/32 MP: 4/4
  1032 | D:2      | Reached skill level 4 in Unarmed Combat
  1033 | D:2      | Reached XP level 5. HP: 22/37 MP: 5/5
  1038 | D:2      | Reached skill level 4 in Fighting
  2465 | D:3      | Reached skill level 5 in Unarmed Combat
  2508 | D:3      | Reached XP level 6. HP: 36/44 MP: 6/6
  3275 | D:4      | Noticed a phantom
  3297 | D:3      | Reached skill level 1 in Stealth
  3301 | D:3      | HP: 3/44 [phantom (6)]
  3307 | D:3      | Killed a phantom
  3307 | D:3      | Reached skill level 1 in Throwing
  3307 | D:3      | Reached XP level 7. HP: 16/49 MP: 7/7
  3738 | D:4      | Reached skill level 2 in Stealth
  3744 | D:4      | Reached skill level 6 in Unarmed Combat
  3853 | D:4      | Reached skill level 5 in Fighting
  4225 | D:4      | Reached skill level 3 in Stealth
  4326 | D:4      | Noticed Robin
  4682 | D:4      | Found a white marble altar of Elyvilon.
  4744 | D:4      | Killed Robin
  4834 | D:4      | Found a radiant altar of Vehumet.
  4926 | D:5      | Entered Level 5 of the Dungeon
  5031 | D:4      | HP: 2/50 [ogre/+0 giant club (16)]
  5116 | D:4      | Reached skill level 4 in Stealth
  5116 | D:4      | Reached skill level 7 in Unarmed Combat
  5116 | D:4      | Reached XP level 8. HP: 51/56 MP: 8/8
  5537 | D:5      | Got a bone mace
  5538 | D:5      | Identified the cursed +2 mace of Egaicsi {drain, MP+9
                  | Int+2} (You found it on level 5 of the Dungeon)
  5581 | D:6      | Found a staircase to the Ecumenical Temple.
  5589 | D:6      | Reached skill level 5 in Stealth
  5637 | Temple   | Entered the Ecumenical Temple
  5833 | Temple   | Became a worshipper of Cheibriados the Contemplative
  5889 | D:6      | Noticed Grinder
  5895 | D:6      | Paralysed by Grinder for 6 turns
  5903 | D:6      | Slain by Grinder

Levels and vault maps discovered:
D:1:      kilobyte_arrival_exit_the_forest, layout_rooms
D:2:      layout_basic, corexii_item_surrounded_by_moat, minmay_misc_feat_cross
D:3:      layout_basic
D:4:      layout_rooms, grunt_temple_overflow_open, lightli_minifort, uniq_robin
D:5:      layout_rooms, first_ration
D:6:      layout_rooms, minmay_temple_entry_sparse_star,
          nicolae_ossuary_entry_monument, sigmund_edmund_badplayer,
          uniq_grinder, uniq_blork_the_orc
Temple:   dpeg_five_rooms_temple

Skill      XL: |  1  2  3  4  5  6  7  8 |
---------------+-------------------------+-----
Unarmed Combat | 3 4 5 7 |  7.6
Fighting       | 4 5 |  5.9
Stealth        | 1 4 5 |  5.0
Throwing       | 1 |  1.1
Dodging        | |  3.0
Shields        | |  3.0

Action                   |  1- 3 |  4- 6 |  7- 9 || total
-------------------------+-------+-------+-------++-------
Melee: Unarmed           |    67 |   121 |   137 ||   325
       Constrict         |    18 |    35 |    39 ||    92
       Tentacles         |     9 |    21 |    32 ||    62
       Punch             |       |    11 |    12 ||    23
Throw: Dart              |       |     2 |       ||     2
Invok: Bend Time         |       |       |     2 ||     2
  Use: Scroll            |     1 |     4 |     3 ||     8
       Potion            |       |     2 |     6 ||     8
 Stab: Sleeping          |     4 |     7 |     7 ||    18
       Distracted        |       |     2 |       ||     2
  Eat: Chunk             |       |     7 |       ||     7
       Ration            |       |       |     3 ||     3
Armor: Skin              |     3 |     9 |    10 ||    22
Dodge: Dodged            |    14 |    36 |    87 ||   137
Block: Shield            |    21 |    53 |    54 ||   128

Table legend:
 A = Non-vault XP
 B = Vault XP
 C = Vault XP percentage of total XP
 D = Non-vault monster count
 E = Vault monster count
 F = Vault count percentage of total count
                 A         B        C        D         E       F
            +---------+---------+-------+---------+---------+-------
      Total |    1550 |     163 |   9.5 |     112 |      15 |  11.8
            +---------+---------+-------+---------+---------+-------
        D:1 |      44 |       0 |   0.0 |      24 |       0 |   0.0
        D:2 |     254 |       0 |   0.0 |      19 |       0 |   0.0
        D:3 |     302 |       0 |   0.0 |      26 |       0 |   0.0
        D:4 |     444 |     163 |  26.9 |      19 |      15 |  44.1
        D:5 |     414 |       0 |   0.0 |      20 |       0 |   0.0
        D:6 |      92 |       0 |   0.0 |       4 |       0 |   0.0
            +---------+---------+-------+---------+---------+-------
